 Dungeon Crawl Stone Soup version 0.29-a0-925-g0a7a3d12f8 (webtiles) character file.

Game seed: 17425322910972238442

51 tsouns the Shooter (level 3, 0/18 HPs)
             Began as a Spriggan Hunter on July 28, 2022.
             Was a Follower of Qazlal.
             Killed from afar by a gnoll (9 damage)
             ... with a puff of flame
             ... on level 2 of the Dungeon.
             The game lasted 00:01:43 (690 turns).

tsouns the Shooter (Spriggan Hunter)                 Turns: 690, Time: 00:01:44

Health: 0/18       AC:  2    Str:  7    XL:     3   Next: 58%
Magic:  4/4        EV: 17    Int: 12    God:    Qazlal [*.....]
Gold:   41         SH:  1    Dex: 18    Spells: 2/2 levels left

rFire   . . .      SeeInvis +   a - +0 shortbow
rCold   . . .      Faith    .   (shield currently unavailable)
rNeg    . . .      Spirit   .   c - +0 robe
rPois   .          Reflect  .   (helmet restricted)
rElec   .          Harm     .   (no cloak)
rCorr   .          Rampage  .   (gloves unavailable)
Will    .....                   (boots unavailable)
Stlth   ++........              (no amulet)
HPRegen 0.06/turn               (no ring)
MPRegen 0.09/turn               (no ring)

@: very quick
A: very small, no large weapons, unfitting armour, see invisible, speed 3
a: Renounce Religion


You were on level 2 of the Dungeon.
You worshipped Qazlal.
Qazlal was aware of your devotion.
You visited 1 branch of the dungeon, and saw 2 of its levels.

You collected 41 gold pieces.

Inventory:

Hand Weapons
 a - a +0 shortbow (weapon)
Armour
 c - a +0 robe (worn)
Jewellery
 j - an amulet of guardian spirit
Scrolls
 b - a scroll of immolation
 d - a scroll of torment {unknown}
 f - a scroll of teleportation {unknown}
 h - a scroll of identify {unknown}
 i - a scroll of enchant armour {unknown}
Potions
 e - a potion of degeneration {unknown}
 g - 2 potions of magic {unknown}


   Skills:
 - Level 1.7 Fighting
 * Level 5.2 Ranged Weapons
 - Level 2.6 Dodging
 - Level 1.5 Stealth
 + Level 0.3 Invocations


You had 2 spell levels left.
You didn't know any spells.
Your spell library contained the following spells:

 Spells                   Type           Power      Damage    Failure   Level
 Apportation              Tloc           0%         N/A       32%         1
 Necrotise                Necr           0%         1d4       32%         1
 Summon Small Mammal      Summ           0%         N/A       32%         1
 Scorch                   Fire           0%         2d5       45%         2
 Flame Wave               Conj/Fire      0%         2d4       97%         4
 Summon Cactus Giant      Summ           0%         N/A       100%        6


Dungeon Overview and Level Annotations

Branches:
Dungeon (2/15)

Altars:
Qazlal


Innate Abilities, Weirdness & Mutations

You are very small and have problems with some larger weapons.
You are too small for most types of armour.
You have supernaturally acute eyesight. (SInv)
You cover ground extremely quickly. (Speed+++)


Message History

The gnoll misses you.
You shoot an arrow. The arrow hits the gnoll.
The gnoll is moderately wounded.
A gnoll comes into view. It is wielding a +0 spear.
The gnoll hits you with a +0 flail!
Ouch! That really hurt!
You are too injured to fight recklessly!
You are too injured to fight recklessly!
Unknown command.
You see here a ball python corpse.
Fire: a) +0 shortbow
Press: ? - help, Q - select action Shift-Dir - straight line, f/p - gnoll
Aim: a gnoll, wielding a +0 flail and carrying a wand of flame (23) (moderately wounded, 66% to hit)
You shoot an arrow.
The arrow hits the gnoll but does no damage.
The gnoll is moderately wounded.
Unknown command.
Fire: a) +0 shortbow
Press: ? - help, Q - select action Shift-Dir - straight line, f/p - gnoll
Aim: a gnoll, wielding a +0 flail and carrying a wand of flame (23) (moderately wounded, 66% to hit)
You shoot an arrow. The arrow hits the gnoll.
The gnoll is heavily wounded.
Unknown command.
Fire: a) +0 shortbow
Press: ? - help, Q - select action Shift-Dir - straight line, f/p - gnoll
Aim: a gnoll, wielding a +0 flail and carrying a wand of flame (23) (heavily wounded, 66% to hit)
You shoot an arrow.
The arrow hits the gnoll but does no damage.
The gnoll is heavily wounded.
Unknown command.
Fire: a) +0 shortbow
Press: ? - help, Q - select action Shift-Dir - straight line, f/p - gnoll
Aim: a gnoll, wielding a +0 flail and carrying a wand of flame (23) (heavily wounded, 66% to hit)
You shoot an arrow. The arrow closely misses the gnoll.
The arrow hits the gnoll!
The gnoll is severely wounded.
Unknown command.
The gnoll zaps a wand.
The puff of flame hits you!
Ouch! That really hurt!
You die...

#.# ####.#
#....######
#####.#
#.#.......#
#.....#
###.#.#####.#
#)########
#...#.#####.####
+# #........#
###.###.....#.....
...#.†......#
#...# #####.######
.....g......#
#@### ###...#<..
..#.#.......# #.#
#.....####
....#.......# #.#
#.....'...
..###.......####g#
#.....###. ..
####....†g...#
#.....# #. .
###########
#.....# #. .
#.....# #. #.....#
## #.....# #


You could see a gnoll.

Vanquished Creatures
  2 gnolls
  A worm (D:2)
  5 bats
  3 endoplasms (D:1)
  A giant cockroach (D:2)
  3 hobgoblins (D:1)
  4 jackals (D:1)
  A kobold (D:1)
  A quokka (D:1)
  4 ball pythons
  A frilled lizard (D:1)
  2 rats (D:1)
28 creatures vanquished.

Notes
Turn   | Place    | Note
-------+----------+-------------------------------------------
     0 | D:1      | tsouns the Spriggan Hunter began the quest for the Orb.
     0 | D:1      | Reached XP level 1. HP: 10/10 MP: 2/2
   115 | D:1      | Reached XP level 2. HP: 15/15 MP: 3/3
   389 | D:1      | Reached XP level 3. HP: 18/18 MP: 4/4
   453 | D:1      | Reached skill level 5 in Ranged Weapons
   465 | D:1      | Found a faded altar of an unknown god.
   479 | D:1      | Prayed at the altar of an unknown god.
   479 | D:1      | Became a worshipper of Qazlal Stormbringer
   479 | D:1      | Reached * piety under Qazlal
   690 | D:2      | Killed from afar by a gnoll

Illustrated notes

Levels and vault maps discovered:
D:1:      zaba_arrival_water, layout_rooms, shapermc_ecumenical_altar_notcrosses
D:2:      kennysheep_the_goblin_king, layout_basic

Skill      XL: |  1  2  3 |
---------------+----------+-----
Ranged Weapons | 5 |  5.2
Fighting       | |  1.7
Dodging        | |  2.6
Stealth        | |  1.5
Invocations    | |  0.3

Action                   || total
-------------------------++-------
 Fire: Shortbow          ||    76
Armor: Robe              ||     2
Dodge: Dodged            ||    26

Table legend: (Time is in decaauts)
 A = Elapsed time spent in this place.
 B = Non-inter-level travel time spent in this place.
 C = Inter-level travel time spent in this place.
 D = Time resting spent in this place.
 E = Time spent auto-exploring this place.
 F = Levels seen in this place.
 G = Mean time per level.
                   A        B        C        D        E       F      G
               +--------+--------+--------+--------+--------+-----+--------+
         Total |    494 |    485 |      9 |      0 |    344 |   2 |  247.0 |
       Dungeon |    494 |    485 |      9 |      0 |    344 |   2 |  247.0 |
               +--------+--------+--------+--------+--------+-----+--------+

Top non-repeatable levels by time:
     D:1: 402 daAuts
     D:2: 92 daAuts
